Map: Terraform LE (Void)

Players

Saske

  • Race: Terran Terran
  • League: Platinum

Beastyqt - Winner!

  • Race: Terran Terran
  • League: Master

Event: Lycan League Weekly August #2

VOD

Have the link to the VOD?

Description

Time

  • Played on: Aug. 10, 2015, 12:26 p.m.
  • Length: 6:33

All games in this series

Show
View Real Time Build Order
Export as new Build Order

Saske Terran 

Build Orders: 1/1/1, Hellion Banshee 

Get SALT Encoding   

  12  0:01  SCV  
  13  0:13  SCV  
  14  0:18  Supply Depot  
  14  0:25  SCV  
  14  0:28  Refinery  
  15  0:41  Barracks  
  15  0:45  SCV  
  16  0:58  SCV  
  17  1:10  SCV  
  18  1:27  Orbital Command  
  18  1:30  Marine  
  18  1:31  Factory  
  19  1:33  Refinery  
  19  1:40  Supply Depot  
  19  1:50  Barracks Reactor  
  19  1:56  SCV  
  19  2:09  SCV  
  20  2:20  Starport  
  20  2:23  SCV  
  21  2:31  Hellion x2  
  21  2:33  Barracks Tech Lab  
  21  2:35  SCV  
  26  2:45  Supply Depot  
  26  2:47  SCV  
  31  2:58  Hellion x2  
  31  3:04  Cloaking Field  
  31  3:11  Banshee  
  34  3:23  SCV  
  35  3:27  Engineering Bay, Widow Mine  
  35  3:28  Widow Mine  
  39  3:34  Supply Depot  
  39  3:52  Barracks Tech Lab  
  39  3:54  Factory  
  39  3:56  SCV, Viking  
  42  4:08  SCV  
  43  4:17  Hellion  
  43  4:18  Hellion  
  47  4:26  SCV, Raven  
  41  4:46  SCV  
  35  5:00  SCV  
  32  5:12  SCV  
  27  5:38  SCV  
  27  5:39  Hellion x2  
  32  5:50  SCV  
  33  6:01  Hellion x2  
Show
View Real Time Build Order
Export as new Build Order

Beastyqt Terran - Winner!

Build Orders: 1/1/1, Banshee Rush 

Get SALT Encoding   

  12  0:00  SCV  
  13  0:13  SCV  
  14  0:17  Supply Depot  
  14  0:25  SCV  
  15  0:31  Refinery  
  15  0:39  SCV  
  16  0:45  Barracks  
  16  0:51  SCV  
  17  1:03  SCV  
  18  1:15  SCV  
  19  1:32  Marine, Orbital Command  
  19  1:34  Factory  
  20  1:42  Supply Depot, Refinery  
  20  1:51  Reaper  
  21  1:58  SCV  
  22  2:10  Supply Depot, SCV  
  23  2:19  Starport  
  23  2:21  Factory Tech Lab  
  23  2:23  Marine  
  23  2:26  SCV  
  25  2:38  SCV  
  26  2:50  Command Center, SCV  
  27  3:01  Banshee  
  27  3:02  Cloaking Field  
  27  3:03  SCV  
  31  3:11  Supply Depot  
  31  3:15  Factory Tech Lab  
  31  3:16  SCV  
  31  3:17  Barracks Reactor  
  31  3:29  SCV, Engineering Bay  
  32  3:37  Siege Tank  
  35  3:41  SCV  
  36  3:49  Viking  
  36  3:54  Marine  
  36  3:55  Marine  
  40  3:56  Supply Depot  
  40  3:57  SCV  
  40  4:01  Missile Turret  
  41  4:10  Missile Turret  
  41  4:15  SCV  
  41  4:17  Marine x2  
  43  4:29  Raven  
  43  4:30  SCV  
  46  4:34  Orbital Command  
  46  4:42  SCV  
  47  4:48  Marine x2  
  47  4:52  Siege Tank  
  52  4:54  SCV  
  52  4:56  Orbital Command  
  53  5:04  Command Center  
  53  5:07  SCV  
  53  5:20  SCV  
  52  5:22  SCV  
  52  5:27  Viking x2  
  53  5:32  SCV  
  51  5:35  SCV  
  51  5:38  Marine  
  51  5:39  Siege Tank  
  55  5:44  SCV  
  55  5:48  SCV  
  57  5:50  Refinery  
  57  5:52  Refinery  
  57  5:55  Missile Turret  
  57  5:56  Supply Depot, SCV  
  58  6:00  SCV  
  59  6:08  SCV  
  64  6:12  SCV  
  65  6:21  SCV  

Tags
 
Add a new tag
Caveats
  • Supply blocks, unpowered buildings, or Contaminate may cause inaccurate times.
  • Supply counts are checked every 10 seconds.